Map: Void Training Stage 3

Players

Miltreta - Winner!

  • Race: Terran Terran

Player 2

  • Race: Zerg Zerg

VOD

Have the link to the VOD?

Description

Time

  • Played on: March 9, 2016, 1:50 p.m.
  • Length: 20:43
Show
View Real Time Build Order
Export as new Build Order

Miltreta Terran - Winner!

Build Orders:  

Get SALT Encoding   

  12  0:01  SCV  
  13  0:13  SCV  
  14  0:25  SCV  
  14  0:26  Supply Depot  
  15  0:43  Supply Depot  
  15  0:50  SCV  
  15  0:54  Barracks  
  16  1:02  Refinery  
  16  1:05  SCV  
  18  1:20  SCV  
  18  1:35  SCV  
  19  1:47  SCV  
  19  1:48  Bunker  
  19  1:53  Engineering Bay  
  20  1:54  Marine  
  20  1:58  Engineering Bay  
  20  1:59  SCV  
  22  2:16  Marine  
  23  2:23  SCV  
  24  2:34  Marine  
  24  2:35  SCV  
  26  2:38  Barracks  
  26  2:52  Marine  
  27  3:08  Supply Depot  
  27  3:11  Supply Depot  
  27  3:12  Orbital Command  
  27  3:17  Command Center  
  27  3:21  Barracks Tech Lab  
  27  3:31  Factory  
  27  3:40  Reaper  
  27  3:41  Marine  
  29  3:59  Reaper  
  30  4:05  Refinery  
  30  4:24  Marine  
  30  4:27  Hellion  
  30  4:31  Marine  
  34  4:32  Terran Infantry Weapons Level 1  
  34  4:42  Marine  
  35  4:48  Marine  
  35  4:49  Hellion  
  38  5:10  Hellion  
  38  5:11  Marine  
  38  5:12  Marauder  
  43  5:14  Concussive Shells  
  43  5:16  Terran Infantry Armor Level 1  
  43  5:18  SCV  
  43  5:19  SCV  
  45  5:31  SCV x2  
  45  5:33  Marauder  
  44  5:55  Marauder  
  44  6:09  Marine  
  44  6:10  Refinery  
  45  6:13  Hellion  
  45  6:16  Marauder, Orbital Command  
  49  6:23  Refinery  
  47  6:26  Marine  
  48  6:35  Hellion, SCV  
  48  6:37  Marauder  
  53  6:45  Reaper  
  46  6:59  Marauder  
  48  7:08  Command Center  
  48  7:11  Factory Tech Lab  
  49  7:27  Armory  
  49  7:33  Marauder, Starport  
  50  7:37  Barracks Reactor  
  50  7:54  Marauder  
  52  8:07  Siege Tank  
  55  8:15  Marine  
  55  8:19  Supply Depot  
  56  8:33  Marine  
  57  8:34  Marine x2  
  57  8:39  Siege Tank  
  62  8:51  Marauder  
  62  8:52  Marine x2  
  66  9:10  Marine x2  
  66  9:11  Siege Tank  
  66  9:12  Marauder  
  73  9:24  Supply Depot  
  73  9:25  Supply Depot  
  73  9:34  Marauder  
  64  9:59  Combat Shields  
  64  10:02  Terran Infantry Weapons Level 2  
  64  10:03  Terran Infantry Armor Level 2  
  62  10:07  Marine x3  
  67  10:19  Cyclone  
  68  10:25  Marine x3  
  60  10:43  Marine x2  
  60  10:51  Missile Turret, Cyclone  
  62  10:57  Missile Turret  
  60  11:04  Marine  
  58  11:22  Marine  
  58  11:25  Marine x2  
  62  11:29  Sensor Tower  
  62  11:37  Missile Turret  
  62  11:43  Marine x2  
  62  11:44  Cyclone  
  64  11:51  Planetary Fortress  
  64  12:01  Marine x2  
  66  12:10  Reaper  
  65  12:18  Marine  
  65  12:19  Marine  
  65  12:36  Marine x2  
  56  12:42  Marine  
  50  12:54  Marine x2  
  52  13:02  Marine  
  52  13:05  Terran Infantry Weapons Level 3  
  53  13:07  Terran Infantry Armor Level 3  
  53  13:12  Marine x2  
  55  13:20  Marine  
  55  13:30  Marine x2  
  56  13:41  Marine  
  56  13:47  Marine  
  56  13:48  Marine  
  65  13:59  Marine  
  66  14:05  Marine  
  66  14:10  Thor  
  66  14:22  Marine  
  66  14:23  Marine x2  
  68  14:40  Marine x2  
  68  14:41  Marine  
  65  14:53  Thor  
  65  14:58  Marine x2  
  73  15:02  Refinery  
  69  15:24  Marine  
  69  15:25  Marine x2  
  70  15:31  Mag-Field Accelerator  
  70  15:36  Thor  
  70  15:42  Marine  
  76  15:43  Marauder, SCV  
  80  15:55  SCV  
  81  16:01  Terran Vehicle Weapons Level 1  
  81  16:05  Marauder, Starport Reactor  
  81  16:07  SCV  
  84  16:16  Marine x2  
  86  16:18  Thor  
  86  16:19  SCV  
  93  16:25  Supply Depot  
  93  16:26  Marauder  
  93  16:28  Supply Depot  
  93  16:31  SCV  
  96  16:34  Marine  
  97  16:47  Marauder  
  99  16:58  Medivac x2  
  103  17:09  Marauder  
  105  17:18  Command Center  
  105  17:28  Medivac x2  
  109  17:30  Marauder  
  111  17:39  Supply Depot  
  111  17:44  Supply Depot  
  111  17:46  Refinery  
  111  18:08  Marine x3  
  114  18:13  Hellion  
  114  18:14  Medivac x2  
  120  18:26  Marine x3  
  123  18:34  Hellion  
  125  18:44  Marine  
  125  18:45  Marauder  
  128  18:53  Planetary Fortress  
  128  18:56  Hellion  
  130  19:06  Marauder  
  134  19:17  Hellion  
  134  19:27  Marauder  
Show
View Real Time Build Order
Export as new Build Order

Player 2 Zerg 

Build Orders: Pool First 

Get SALT Encoding   

  12  0:00  Drone  
  13  0:13  Overlord  
  13  0:18  Drone  
  14  0:31  Drone  
  14  0:34  Drone  
  16  0:44  Spawning Pool  
  16  0:46  Drone  
  16  0:50  Drone  
  16  0:52  Extractor  
  16  0:56  Drone  
  17  1:06  Overlord  
  17  1:31  Queen, Zergling x2  
  20  1:38  Roach Warren  
  20  1:39  Drone  
  20  1:40  Zergling x2, Extractor  
  20  1:50  Drone  
  21  2:00  Drone  
  22  2:10  Overlord  
  22  2:22  Roach  
  24  2:32  Roach  
  26  2:41  Roach  
  26  2:44  Overlord  
  28  2:48  Drone  
  28  2:49  Roach  
  31  2:57  Drone  
  32  3:08  Baneling Nest, Drone  
  32  3:10  Drone, Roach  
  35  3:14  Drone  
  37  3:20  Drone  
  37  3:30  Evolution Chamber, Roach  
  39  3:41  Drone  
  39  3:45  Overlord, Drone  
  40  4:59  Zergling x2, Lair, Overlord, Drone  
  42  5:02  Drone  
  43  5:07  Baneling, Spore Crawler  
  42  5:14  Zergling x2  
  42  5:15  Drone  
  42  5:20  Hatchery  
  43  5:22  Zergling x2  
  44  5:30  Zergling x2, Drone  
  46  5:38  Baneling, Zergling x2  
  45  5:46  Zergling x2  
  45  5:48  Drone  
  37  5:51  Drone  
  37  5:54  Zergling x2  
  37  5:56  Overseer  
  35  5:58  Spire, Overseer  
  35  6:00  Drone  
  35  6:08  Spore Crawler  
  34  6:15  Queen  
  36  6:22  Baneling  
  36  6:25  Hydralisk Den  
  35  6:26  Drone  
  35  6:32  Drone  
  37  6:35  Drone  
  37  6:38  Drone  
  39  6:42  Drone  
  37  6:47  Drone  
  37  6:50  Drone  
  37  6:52  Zergling x2  
  38  6:56  Drone  
  38  6:58  Drone  
  38  7:00  Baneling, Zergling x2  
  41  7:01  Drone  
  41  7:04  Drone  
  44  7:08  Zergling x2  
  44  7:11  Drone  
  44  7:14  Drone  
  46  7:16  Baneling  
  46  7:21  Zergling x2  
  46  7:22  Drone  
  48  7:24  Drone  
  48  7:26  Spine Crawler  
  48  7:27  Drone  
  48  7:28  Mutalisk  
  51  7:34  Drone, Spine Crawler  
  51  7:36  Mutalisk  
  53  7:40  Spore Crawler  
  52  7:44  Mutalisk, Drone, Spore Crawler  
  52  7:47  Queen  
  52  7:50  Overlord  
  52  7:51  Drone  
  57  7:53  Zergling x2, Drone  
  57  7:56  Drone  
  60  8:00  Overseer  
  60  8:06  Drone, Infestation Pit  
  60  8:08  Mutalisk  
  60  8:09  Drone, Overlord  
  63  8:16  Mutalisk, Spine Crawler  
  63  8:19  Spine Crawler  
  63  8:21  Drone  
  63  8:23  Evolution Chamber  
  63  8:24  Drone  
  64  9:03  Extractor  
  64  9:04  Drone  
  64  9:05  Extractor  
  64  9:07  Drone  
  64  9:11  Overlord x2, Overseer  
  64  9:26  Drone  
  64  9:27  Hive  
  64  9:28  Pneumatized Carapace, Overseer  
  64  9:29  Corruptor  
  64  9:30  Drone, Overlord  
  68  9:33  Drone  
  68  9:36  Hatchery, Drone  
  69  9:41  Infestor  
  62  9:53  Corruptor, Zerg Melee Weapons Level 1  
  64  10:06  Zergling x2  
  65  10:18  Infestor  
  67  10:21  Zerg Ground Armor Level 1  
  65  10:40  Greater Spire, Burrow  
  65  10:48  Queen, Drone  
  68  10:51  Drone  
  68  10:54  Drone  
  68  10:57  Drone  
  71  10:58  Extractor  
  71  11:00  Drone, Spore Crawler  
  71  11:02  Drone  
  71  11:03  Spore Crawler  
  70  11:05  Drone  
  70  11:06  Ultralisk Cavern  
  70  11:07  Extractor  
  70  11:08  Drone  
  71  11:11  Drone  
  71  11:14  Drone  
  71  11:17  Drone  
  67  11:18  Overseer  
  67  11:20  Drone  
  67  11:22  Drone  
  67  11:23  Queen  
  70  11:25  Drone  
  70  11:27  Spine Crawler  
  70  11:28  Drone  
  70  11:29  Spine Crawler  
  70  11:31  Drone  
  70  11:34  Drone  
  70  11:39  Zergling x2  
  71  11:41  Queen  
  71  11:44  Queen  
  67  11:47  Zerg Missile Weapons Level 1  
  67  11:49  Drone  
  67  11:51  Infestor  
  67  11:52  Drone  
  67  11:53  Spire  
  68  11:55  Drone  
  68  11:59  Overlord, Overseer  
  69  12:03  Infestor  
  69  12:05  Queen  
  70  12:11  Hydralisk Den  
  70  12:12  Drone  
  70  12:15  Drone  
  70  12:16  Zergling x2, Drone  
  70  12:22  Spore Crawler  
  70  12:23  Drone  
  70  12:26  Drone  
  70  12:29  Queen, Drone  
  70  12:32  Drone  
  70  12:34  Infestor  
  70  12:35  Drone  
  63  12:38  Drone  
  63  12:39  Drone x7  
  63  12:40  Drone x2  
  63  12:41  Drone  
  60  12:44  Drone  
  60  12:46  Zergling x2  
  60  12:47  Drone  
  60  12:48  Spine Crawler  
  60  12:50  Drone  
  62  12:53  Drone  
  62  12:55  Drone  
  62  12:58  Corruptor, Drone  
  64  12:59  Brood Lord  
  64  13:01  Drone  
  64  13:04  Drone  
  71  13:07  Mutalisk, Drone  
  72  13:13  Mutalisk  
  73  13:20  Mutalisk  
  73  13:24  Overlord  
  73  13:26  Mutalisk  
  73  13:27  Drone  
  73  13:28  Viper  
  73  13:31  Overseer  
  73  13:33  Mutalisk  
  72  13:34  Drone  
  68  13:45  Corruptor  
  68  13:47  Overlord  
  66  13:51  Overseer  
  66  13:52  Mutalisk  
  66  13:55  Overlord x2  
  61  14:06  Overlord  
  59  14:14  Lair  
  58  14:21  Overlord  
  58  14:22  Drone x2  
  56  14:25  Hatchery  
  56  14:27  Overlord  
  53  14:32  Drone  
  53  14:33  Drone  
  51  14:44  Mutalisk  
  53  14:46  Overlord  
  53  14:49  Overseer  
  53  14:51  Mutalisk  
  52  14:57  Mutalisk  
  48  15:03  Drone  
  48  15:04  Mutalisk  
  48  15:05  Drone x4  
  48  15:07  Drone  
  44  15:10  Mutalisk  
  44  15:11  Drone  
  46  15:15  Drone  
  47  15:24  Corruptor  
  47  15:27  Overseer  
  49  15:32  Overlord  
  49  15:36  Viper  
  49  15:41  Overseer  
  52  15:49  Mutalisk  
  54  15:58  Mutalisk  
  56  16:12  Hatchery  
  56  16:17  Mutalisk  
  57  16:23  Mutalisk  
  59  16:28  Overlord  
  59  16:32  Mutalisk  
  61  16:40  Corruptor  
  63  16:48  Corruptor  
  65  17:04  Ultralisk  
  71  17:08  Overlord  
  71  17:13  Hydralisk  
  55  17:24  Zergling x2, Drone  
  55  17:27  Drone, Overseer  
  53  17:30  Drone  
  53  17:33  Drone  
  53  17:36  Drone  
  56  17:52  Ultralisk  
  62  18:04  Ultralisk  
  68  18:08  Overlord  
  68  18:14  Hydralisk  
  68  18:15  Overseer  
  68  18:21  Hydralisk  
  69  18:29  Zergling x2  
  70  18:44  Overlord  
  64  19:02  Hatchery  
  28  19:13  Hydralisk  
  30  19:31  Hydralisk  
  30  19:35  Drone  
  32  19:39  Roach  
  32  19:46  Hydralisk  
  28  19:58  Overlord  
  28  20:09  Hatchery  
  23  20:17  Drone  
  17  20:24  Drone  
  17  20:28  Drone  
  16  20:29  Drone  
Tags
 
Add a new tag
Caveats
  • Supply blocks, unpowered buildings, or Contaminate may cause inaccurate times.
  • Supply counts are checked every 10 seconds.